 Dungeon Crawl Stone Soup version 0.29-a0-234-g0dae59b3db (webtiles) character file.

Game seed: 6022169994159166174

51 inmateoo the Skirmisher (level 3, -7/29 HPs)
             Began as a Demonspawn Fighter on Mar 2, 2022.
             Mangled by a gnoll
             ... wielding a +0 halberd
              (8 damage)
             ... on level 1 of the Dungeon.
             The game lasted 00:01:04 (1623 turns).

inmateoo the Skirmisher (Demonspawn Fighter)        Turns: 1623, Time: 00:01:04

Health: -7/29      AC: 10    Str: 16    XL:     3   Next: 57%
Magic:  3/3        EV:  6    Int: 11    God:
Gold:   75         SH:  4    Dex: 12    Spells: 2/2 levels left

rFire   . . .      SeeInvis .   a - +0 long sword
rCold   . . .      Faith    .   c - +0 buckler
rNeg    . . .      Spirit   .   g - +0 chain mail
rPois   .          Reflect  .   (no helmet)
rElec   .          Harm     .   (no cloak)
rCorr   .          Rampage  .   (no gloves)
Will    .....                   (no boots)
Stlth   ..........              (no amulet)
HPRegen 0.09/turn               (no ring)
MPRegen 0.08/turn               (no ring)

@: no status effects
A: sharp scales 1
a: no special abilities


You were on level 1 of the Dungeon.
You visited 1 branch of the dungeon, and saw 2 of its levels.

You collected 75 gold pieces.

Inventory:

Hand Weapons
 a - a +0 long sword (weapon)
Armour
 c - a +0 buckler (worn)
 g - a +0 chain mail (worn)
Scrolls
 b - a scroll of brand weapon {unknown}
 h - a scroll of teleportation {unknown}
Potions
 d - a potion of might
 e - a potion of haste {unknown}
 f - a potion of heal wounds {unknown}
 i - a potion of curing {unknown}


   Skills:
 + Level 3.3 Fighting
 * Level 2.5 Long Blades
 + Level 2.9 Armour
 + Level 1.0 Dodging
 + Level 3.0 Shields


You had 2 spell levels left.
You didn't know any spells.
Your spell library was empty.

Dungeon Overview and Level Annotations

Branches:
Dungeon (2/15)

Altars:
Ashenzari


Innate Abilities, Weirdness & Mutations

You are partially covered in razor-sharp scales. (AC +1, Slay +1)


Message History

There is a stone staircase leading down here.
You start resting.
HP restored.
You climb downwards.
There is a stone staircase leading up here.
There is a stone staircase leading up here.
The gnoll hits you but does no damage.
There is a stone staircase leading up here.
You barely miss the gnoll. The gnoll hits you with a +0 halberd.
The gnoll hits you with a +0 halberd!
You climb upwards.
There is a stone staircase leading down here.
You hit the gnoll but do no damage. The gnoll hits you but does no damage.
You hit the gnoll.
The gnoll is moderately wounded.
The gnoll barely misses you. The gnoll completely misses you.
You hit the gnoll.
The gnoll is heavily wounded.
The gnoll hits you with a +0 halberd.
You hit the gnoll but do no damage.
The gnoll is heavily wounded.
The gnoll hits you with a +0 halberd!
* * * LOW HITPOINT WARNING * * *
You are too injured to fight recklessly!
You barely miss the gnoll.
The gnoll is heavily wounded.
The gnoll hits you but does no damage.
You closely miss the gnoll.
The gnoll is heavily wounded.
You block the gnoll's attack. x2
You are too injured to fight recklessly!
You barely miss the gnoll.
The gnoll is heavily wounded.
The gnoll hits you with a +0 halberd.
* * * LOW HITPOINT WARNING * * *
Unknown command.
You hit the gnoll.
The gnoll is almost dead.
The gnoll hits you with a +0 halberd!
You die...

#....##...................#
#....#.......#.##.........#
#............#..#.........#
#...###...####..#.........#
#.........................#
..........................#
....................#'#####
....#####..#...(.####.#
....## ##.###'#@####.#
.....# #.....#g.....#
.....# ###.#.#.########
.....# #.........#
.....###.#.#.#.#.####
.....'.....#.#......#
.....#)#.###.###.#.##
.....#...)..<......#
...###.#.###.###.#.##


You could see a gnoll.

Vanquished Creatures
  2 gnolls (D:1)
  A dart slug (D:1)
  3 ball pythons (D:1)
  2 endoplasms (D:1)
  2 giant cockroaches (D:1)
  2 goblins (D:1)
  A hobgoblin (D:1)
  2 quokkas (D:1)
  3 bats (D:1)
  2 frilled lizards
  5 kobolds (D:1)
  3 rats (D:1)
28 creatures vanquished.

Notes
Turn   | Place    | Note
-------+----------+-------------------------------------------
     0 | D:1      | inmateoo the Demonspawn Fighter began the quest for the
                  | Orb.
     0 | D:1      | Reached XP level 1. HP: 18/18 MP: 1/1
   363 | D:1      | Gained mutation: You are partially covered in razor-sharp
                  | scales. (AC +1, Slay +1) [demonic ancestry]
   363 | D:1      | Reached XP level 2. HP: 20/24 MP: 2/2
   948 | D:1      | Found a broken altar of Ashenzari.
  1014 | D:1      | Found a faded altar of an unknown god.
  1072 | D:1      | Reached XP level 3. HP: 29/29 MP: 3/3
  1508 | D:1      | Reached skill level 1 in Dodging
  1622 | D:1      | HP: 1/29 [gnoll/+0 halberd (3)]
  1623 | D:1      | Mangled by a gnoll

Illustrated notes

Levels and vault maps discovered:
D:1:      roderic_chinese_lattice_arrival, layout_basic, serial_curves,
          eino_curves_01, eino_curves_03, eino_curves_01,
          shapermc_ecumenical_altar_venn, st_stairs_2, kennysheep_flooded_box,
          nrook_loot_triangle
D:2:      layout_basic

Skill      XL: |  1  2  3 |
---------------+----------+-----
Long Blades    | 2 |  2.5
Shields        | 3 |  3.0
Dodging        | 1 |  1.0
Fighting       | |  3.3
Armour         | |  2.9

Action                   || total
-------------------------++-------
Melee: Long sword        ||    81
Armor: Scale mail        ||    14
       Chain mail        ||    38
Dodge: Dodged            ||    26
Block: Buckler           ||    15

Table legend: (Time is in decaauts)
 A = Elapsed time spent in this place.
 B = Non-inter-level travel time spent in this place.
 C = Inter-level travel time spent in this place.
 D = Time resting spent in this place.
 E = Time spent auto-exploring this place.
 F = Levels seen in this place.
 G = Mean time per level.
                   A        B        C        D        E       F      G
               +--------+--------+--------+--------+--------+-----+--------+
         Total |   1652 |   1622 |     30 |    877 |    483 |   2 |  826.0 |
       Dungeon |   1652 |   1622 |     30 |    877 |    483 |   2 |  826.0 |
               +--------+--------+--------+--------+--------+-----+--------+

Top non-repeatable levels by time:
     D:1: 1606 daAuts
     D:2: 46 daAuts
